 Dungeon Crawl Stone Soup version 0.17-a0-1882-g750edc8 (webtiles) character file.

106 wvc the Stinger (level 4, 0/38 HPs)
             Began as a Naga Transmuter on Sept 22, 2015.
             Slain by an adder (3 damage)
             ... on level 3 of the Dungeon.
             The game lasted 00:05:30 (2563 turns).

wvc the Stinger (Naga Transmuter)                   Turns: 2563, Time: 00:05:30

Health: 0/38       AC:  3    Str: 12    XL:     4   Next: 84%
Magic:  7/7        EV: 10    Int: 14    God:
Gold:   104        SH:  0    Dex: 12    Spells: 3 memorised, 2 levels left

rFire  . . .     SeeInvis +       - Unarmed
rCold  . . .     Clarity  .     b - +0 robe
rNeg   . . .     SustAt   .     (no shield)
rPois  +         Gourm    .     (no helmet)
rElec  .         Spirit   .     (no cloak)
rCorr  .         Warding  .     h - +0 pair of gloves
rMut   .         Rnd*Tele +     (no barding)
MR     .....                    (no amulet)
Stlth  +.........               (no ring)
                                l - ring of teleportation (curse)

@: lethally poisoned (0 -> -13), very slow, not resistant to hostile
enchantments, very unstealthy
A: see invisible, deformed body, poison resistance, slowness 2, slow metabolism
1, spit poison 2, AC +1
a: Spit Poison, Evoke Teleportation


You were on level 3 of the Dungeon.
You were not hungry.

You visited 1 branch of the dungeon, and saw 3 of its levels.

You collected 104 gold pieces.

Inventory:

Missiles
 a - 61 arrows
Armour
 b - a +0 robe (worn)
 h - a +0 pair of gloves (worn)
Jewellery
 k - an uncursed ring of sustain attributes
 l - a cursed ring of teleportation (left hand)
Potions
 e - 2 potions of lignification {unknown}
 f - 2 potions of curing {unknown}
 g - a potion of flight {unknown}
 i - a potion of magic
 m - a potion of heal wounds {unknown}
Books
 c - a book of Changes

   Spells                             Type                      Level
   a - Beastly Appendage              Transmutation                1
   b - Sticks to Snakes               Transmutation                2
   c - Spider Form                    Transmutation/Poison         3
   d - Ice Form                       Ice/Transmutation            4
   e - Blade Hands                    Transmutation                5
Comestibles
 d - 4 bread rations
 j - a meat ration
 n - 4 chunks of flesh


   Skills:
 - Level 1.0 Fighting
 - Level 1.5 Dodging
 - Level 3.0 Unarmed Combat
 - Level 2.5 Spellcasting
 - Level 3.0 Transmutations
 + Level 4.0 Poison Magic
 + Level 0.2 Evocations


You had 2 spell levels left.
You knew the following spells:

 Your Spells              Type           Power        Failure   Level  Hunger
a - Beastly Appendage     Trmt           ##....       10%         1    #......
b - Sticks to Snakes      Trmt           ##........   12%         2    ###....
c - Spider Form           Trmt/Pois      ##........   17%         3    ###....


Dungeon Overview and Level Annotations

Branches:
Dungeon (3/15)

Altars:


Innate Abilities, Weirdness & Mutations

You cannot wear boots.
Your serpentine skin is tough (AC +1).
You have supernaturally acute eyesight.
Armour fits poorly on your strangely shaped body.
Your system is resistant to poisons.
You cover ground very slowly.
You have a slow metabolism.
You can spit poison.


Message History

Okay, then.
Use which ability?
Your transformation has ended.
Your +0 pair of gloves unmelds from your body.
Your +0 robe unmelds from your body.
You feel sick. The bat hits you but does no damage. The adder bites you.
* * * LOW HITPOINT WARNING * * *
You are more poisoned.
The adder poisons you! The adder barely misses you.
The gnoll hits you from afar with a spear.
* * * LOW HITPOINT WARNING * * *
A jackal comes into view.
Use which ability?
Okay, then.
Drink which item? (? for menu, Esc to quit)
It was a potion of magic.
Magic courses through your body.
* * * LOW HITPOINT WARNING * * *
You feel sick. The bat barely misses you.
The adder bites you but does no damage. The adder bites you.
You die...

##### #...#
#...# #...# ..
#...#######....
#..r...........
#$@............
##SSgb.........
#g.g.........%
#.!.h........
#........##
#.....h..#
##########


You could see 3 gnolls, 2 adders, 2 jackals, a bat and a rat.

Vanquished Creatures
  3 gnolls (D:3)
  An ooze (D:3)
  A worm (D:3)
  4 giant geckos
  An orc (D:3)
  4 giant cockroaches (D:2)
  9 goblins
  6 hobgoblins
  12 kobolds
  3 bats
  7 giant newts
  2 jackals (D:2)
  2 rats (D:1)
55 creatures vanquished.

Vanquished Creatures (collateral kills)
  2 adders (D:2)
2 creatures vanquished.

Grand Total: 57 creatures vanquished

Notes
Turn   | Place    | Note
--------------------------------------------------------------
     0 | D:1      | wvc the Naga Transmuter began the quest for the Orb.
     0 | D:1      | Reached XP level 1. HP: 18/18 MP: 3/3
   400 | D:1      | Reached XP level 2. HP: 25/25 MP: 3/5
   405 | D:1      | Learned a level 2 spell: Sticks to Snakes
  1063 | D:1      | Reached XP level 3. HP: 26/31 MP: 4/6
  1068 | D:1      | Learned a level 3 spell: Spider Form
  1779 | D:2      | Reached skill level 1 in Poison Magic
  2218 | D:3      | Reached XP level 4. HP: 36/38 MP: 0/7
  2544 | D:3      | Reached skill level 4 in Poison Magic
  2563 | D:3      | Slain by an adder

Vault maps used:
D:1:      dpeg_arrival_pits, minmay_misc_feat_alley
D:3:      first_bread, corexii_leaking_fountain

Action                   |  1- 3 |  4- 6 || total
-------------------------+-------+-------++-------
Melee: Unarmed           |   142 |    49 ||   191
 Cast: Beastly Appendage |    20 |     2 ||    22
       Sticks to Snakes  |     3 |       ||     3
       Spider Form       |     2 |     4 ||     6
 Abil: Spit Poison       |     2 |     1 ||     3
       End Transformatio |       |     1 ||     1
  Use: Scroll            |     2 |       ||     2
       Potion            |       |     1 ||     1
 Stab: Sleeping          |     1 |       ||     1
  Eat: Meat ration       |     1 |       ||     1
       Pizza             |     1 |       ||     1
       Beef jerky        |     1 |       ||     1
